 Dungeon Crawl Stone Soup version 0.32-a0-485-g70f7560b1c (console) character file.

Game seed: 16319863564222389382

46228 Banquo the Fighter (level 14, -14/108 HPs)
             Began as a Djinni Air Elementalist on Feb 26, 2024.
             Was an Elder of Ru.
             Demolished by an orc warlord
             ... wielding a +0 battleaxe
              (18 damage)
             ... on level 1 of the Orcish Mines on Feb 27, 2024.
             The game lasted 01:25:46 (29199 turns).

Banquo the Fighter (Djinni Air Elementalist)       Turns: 29199, Time: 01:25:47

Health: -14/108    AC: 10    Str:  7    XL:     14   Next: 75%
Gold:   2079       EV: 22    Int: 21    God:    Ru [****..] SH:  6 Dex: 15

rFire   + + .        E - staff of cold
rCold   + . .        i - +0 buckler
rNeg    + . .        d - +0 robe of Luss {^Drain rC+ rN+ Regen+}
rPois   ∞            h - +2 helmet
rElec   .            e - +2 cloak {rPois}
rCorr   .            g - +0 pair of gloves
SInv    +            (boots unavailable)
Will    +....        (no amulet) Stlth
                     S - ring of see invisible
HPRegen 1.18/turn    f - +5 ring of evasion
MPRegen 0.00/turn

%: inaccuracy (-5), infuse magic (-15 HP)
@: flying, very slightly contaminated
A: sickness immunity, fire resistance 2, cold vulnerability 1, no stealth,
inability to use devices, missing an eye, float, innate caster, HP casting,
extra vitality 1, no forms
a: Renounce Religion, Draw Out Power, Power Leap


You were on level 1 of the Orcish Mines.
You worshipped Ru.
Ru was greatly pleased with you.
You visited 4 branches of the dungeon, and saw 20 of its levels.
You also visited: Bailey.

You collected 2321 gold pieces.
You spent 242 gold pieces at shops.

Inventory:

Hand Weapons
 a - the +6 shillelagh "Devastator" {shatter}
   (You found it on level 1 of the Lair of Beasts)
 k - a +2 vampiric war axe
 x - a +2 dagger of venom
 I - a +3 whip of electrocution
Missiles
 C - 124 stones
Armour
 d - the +0 robe of Luss (worn) {^Drain rC+ rN+ Regen+}
   (You bought it in a shop on level 1 of the Orcish Mines)

   rC+:       It protects you from cold.
   rN+:       It protects you from negative energy.
   Regen+:    It increases your rate of health regeneration.
   ^Drain:    It drains your maximum health when unequipped.
 e - a +2 cloak of poison resistance (worn)
 g - a +0 pair of gloves (worn)
 h - a +2 helmet (worn)
 i - a +0 buckler (worn)
 y - a +1 kite shield
 z - +0 acid dragon scales
Magical Staves
 b - a staff of fire
 r - a staff of alchemy
 E - a staff of cold (weapon)
Jewellery
 f - a +5 ring of evasion (right hand)
 D - a ring of protection from fire
 H - a ring of fire
 S - a ring of see invisible (left hand)
Scrolls
 j - 5 scrolls of teleportation
 m - 2 scrolls of revelation
 p - a scroll of butterflies
 B - 3 scrolls of blinking
 P - 2 scrolls of poison
Potions
 c - a potion of brilliance
 l - 2 potions of haste
 o - 4 potions of curing
 q - 2 potions of resistance
 s - a potion of might
 t - 2 potions of ambrosia
 u - 4 potions of enlightenment
 A - 3 potions of mutation {unknown}
 F - 2 potions of invisibility
 K - a potion of experience
 M - 2 potions of heal wounds


   Skills:
 * Level 12.8 Fighting
 - Level 8.0 Armour
 * Level 11.0 Dodging
 * Level 9.0 Shields
 * Level 12.0 Spellcasting
 * Level 12.0 Conjurations
 * Level 12.0 Hexes
 * Level 12.0 Summonings
 * Level 12.0 Necromancy
 * Level 12.0 Translocations
 * Level 12.0 Fire Magic
 * Level 12.0 Ice Magic
 * Level 12.0 Air Magic
 * Level 12.0 Earth Magic
 * Level 12.0 Alchemy


You knew the following spells:

 Your Spells              Type           Power      Damage    Failure   Level
a - Shock                 Conj/Air       100%       1d9       1%          1
d - Static Discharge      Conj/Air       100%       3-8/arc   1%          2
e - Lesser Beckoning      Tloc           100%       N/A       1%          2
f - Jinxbite              Hex            100%       N/A       1%          2
i - Ignite Poison         Fire/Alch      59%        N/A       1%          4
p - Petrify               Alch/Erth      59%        N/A       1%          4
x - Airstrike             Air            29%        2d(5-21)  1%          4
y - Yara's Violent Unrav  Hex/Alch       29%        3d12      1%          5
z - Foxfire               Conj/Fire      100%       2x1d9     1%          1
M - Swiftness             Air            59%        N/A       1%          3
Your spell library was empty.

Dungeon Overview and Level Annotations

Branches:
Dungeon (12/15)            Temple (1/1) D:6            Lair (5/5) D:8
  Swamp (0/4) Lair:2        Snake (0/4) Lair:3        Slime (0/5) Lair:4
    Orc (2/2) D:10         Bailey (visited)
    Elf: Orc:2

Altars:
Ashenzari
Cheibriados
Dithmenos
Elyvilon
Fedhas
Gozag
Hepliaklqana
Makhleb
Nemelex Xobeh
Okawaru
Qazlal
Ru
Trog
Uskayaw
Wu Jian
Xom
Yredelemnul
Zin
The Shining One
Beogh
Jiyva

Shops:
Orc:1 ?:[   Orc:2 :

Annotations:
D:2 1 runed translucent door, Crazy Yiuf
D:4 3 runed translucent doors, zenocrate's ghost, amateur MiFi
D:10 2 transporters, AutarchDCSS's ghost, journeyman CoMo
D:12 Rupert
Lair:5 1 runed translucent door, exclusion: obsidian statue, GoblinFriend's ghost, journeyman NaIE
Orc:2 Azrael


Innate Abilities, Weirdness & Mutations

You are immune to sickness and miasma.
You are immune to poison.
Your flesh is very heat resistant. (rF++)
You are vulnerable to cold. (rC-)
You cannot be stealthy.
You cannot study or use magical devices.
You are missing an eye, making it more difficult to aim.
You float through the air rather than walking.
You learn spells naturally, not from books.
Your magical power is your life essence.
You have superior vitality. (+4 MHP)
You cannot voluntarily change form.


Message History

Confirm with . or Enter, or press ? or * to list all spells.
Aiming: Airstrike (mildly dangerous; 1% risk of failure)
Press: ? - help, Dir - move target, f/p - orc warlord
Aim: an orc warlord, wielding a +0 battleaxe and wearing a +0 chain mail (moderately wounded, empty space bonus: 8/8)
The air twists around and strikes the orc warlord!
The orc warlord is heavily wounded.
Unknown command.
Casting: Airstrike (mildly dangerous; 1% risk of failure)
Confirm with . or Enter, or press ? or * to list all spells.
Aiming: Airstrike (mildly dangerous; 1% risk of failure)
Press: ? - help, Dir - move target, f/p - orc warlord
Aim: an orc warlord, wielding a +0 battleaxe and wearing a +0 chain mail (heavily wounded, empty space bonus: 7/8)
The air twists around and strikes the orc warlord!
The orc warlord is heavily wounded.
The orc warlord hits you with a +0 battleaxe!!
* * * LOW HITPOINT WARNING * * *
Casting: Airstrike (mildly dangerous; 1% risk of failure)
Confirm with . or Enter, or press ? or * to list all spells.
Aiming: Airstrike (mildly dangerous; 1% risk of failure)
Press: ? - help, Dir - move target, f/p - orc warlord
Aim: an orc warlord, wielding a +0 battleaxe and wearing a +0 chain mail (heavily wounded, empty space bonus: 7/8)
The air twists around and strikes the orc warlord!
The orc warlord is severely wounded.
* * * LOW HITPOINT WARNING * * *
The orc warlord hits you with a +0 battleaxe!
* * * LOW HITPOINT WARNING * * *
Unknown command.
Unknown command.
Casting: Airstrike (mildly dangerous; 1% risk of failure)
Confirm with . or Enter, or press ? or * to list all spells.
Aiming: Airstrike (mildly dangerous; 1% risk of failure)
Press: ? - help, Dir - move target, f/p - orc warlord
Aim: an orc warlord, wielding a +0 battleaxe and wearing a +0 chain mail (severely wounded, empty space bonus: 7/8)
You miscast Airstrike.
You are very lightly contaminated with residual magic.
Nothing appears to happen.
* * * LOW HITPOINT WARNING * * *
The orc warlord hits you with a +0 battleaxe!!
You die...
Ru respects your ultimate sacrifice.

##.#..................##
##..........#....<......#
#......#.#####.#.......##
....#..#####.##........##
#.......#.#.............#
##.........#.#.........##
#...###...#####......#.##
##.#.##...#.#.#[.[......#
#...............@......##
##..............o.......#
##.........^.....÷...[..#
......#..........[...).)#
##....##..............>.#
####.####..........).[)##
### #....##.#.......#
##....##........#
###....#......##


You could see an orc warlord.

Vanquished Creatures
  Jorgrun (Orc:2)
  A dire elephant (Lair:5)
  Josephine (Lair:4)
  2 hydras
  4 death yaks
  2 two-headed ogres (D:9)
  An orc high priest (Orc:2)
  2 skysharks
  Lodul (D:11)
  A lindwurm (Lair:3)
  3 orc knights
  4 necromancers (Lair:5)
  An ugly thing (D:11)
  2 orc sorcerers
  A salamander (Lair:3)
  3 cyclopes
  3 manticores (D:12)
  8 elephants
  A kobold blastminer (Orc:2)
  2 black mambas
  A dire elephant zombie (Lair:5)
  An eye of devastation (Lair:4)
  An unseen horror (D:10)
  A gargoyle (D:12)
  8 cane toads
  2 dire elephant skeletons (Lair:5)
  2 rime drakes
  7 komodo dragons
  4 trolls
  A hornet (Lair:3)
  3 blink frogs (Lair:1)
  A polar bear (Lair:1)
  A glass eye (Lair:4)
  2 spectral elephants (Lair:5)
  Sigmund (D:3)
  8 wraiths
  5 wyverns
  22 yaks
  A shadow (D:10)
  2 fire elementals
  3 basilisks
  3 wargs
  A death yak simulacrum (Lair:5)
  Edmund (D:6)
  11 water moccasins
  2 acid dragons
  18 orc warriors
  2 black bears
  An ice beast (D:6)
  An elephant zombie (Lair:5)
  5 centaurs
  11 ogres
  14 wolves
  An elephant skeleton (Lair:5)
  A phantom (D:7)
  A kobold brigand (D:10)
  4 gnoll sergeants
  11 bullfrogs
  3 scorpions
  20 wights
  9 killer bees
  4 howler monkeys
  3 lava snakes (Lair:3)
  6 bombardier beetles
  2 jellies
  3 hounds
  8 orc priests
  A gnoll bouda (D:9)
  Jessica (D:3)
  3 iguanas
  2 sleepcaps
  12 orc wizards
  20 gnolls
  12 adders
  2 ufetubi (D:6)
  3 dart slugs
  63 orcs
  9 endoplasms
  3 giant cockroaches
  12 goblins
  4 hobgoblins
  A jackal (D:2)
  9 ball pythons
  6 bats
  3 frilled lizards
  7 kobolds
  5 rats
445 creatures vanquished.

Vanquished Creatures (others)
  A cane toad (Lair:5)
  370 foxfires
371 creatures vanquished.

Grand Total: 816 creatures vanquished

Notes
Turn   | Place    | Note
-------+----------+-------------------------------------------
     0 | D:1      | Banquo the Djinni Air Elementalist began the quest for the
                  | Orb.
     0 | D:1      | Banquo set off with the following spells memorised: Shock,
                  | Static Discharge, Swiftness, Airstrike.
     0 | D:1      | Reached XP level 1. HP: 15/15 MP: 0/0
   125 | D:1      | Reached XP level 2. HP: 21/22 MP: 0/0
   154 | D:1      | Reached skill level 1 in Fighting
   539 | D:1      | Reached XP level 3. HP: 26/27 MP: 0/0
   539 | D:1      | Learned a level 1 spell: Foxfire
  1008 | D:2      | Found a faded altar of an unknown god.
  1014 | D:2      | Prayed at the altar of an unknown god.
  1014 | D:2      | Became a worshipper of Ru the Awakened
  1020 | D:2      | Gained mutation: You cannot be stealthy. [Ru sacrifice]
  1028 | D:2      | Found a runed translucent door.
  1029 | D:2      | Noticed Crazy Yiuf
  1082 | D:2      | Reached XP level 4. HP: 28/33 MP: 0/0
  1730 | D:3      | Noticed Jessica
  1774 | D:3      | Reached XP level 5. HP: 31/39 MP: 0/0
  1774 | D:3      | Learned a level 2 spell: Lesser Beckoning
  2291 | D:3      | Noticed Sigmund
  2296 | D:3      | Killed Sigmund
  2297 | D:3      | Reached XP level 6. HP: 33/47 MP: 0/0
  2869 | D:3      | Killed Jessica
  3611 | D:4      | Reached skill level 5 in Spellcasting
  3611 | D:4      | Reached skill level 5 in Conjurations
  3611 | D:4      | Reached skill level 5 in Hexes
  3611 | D:4      | Reached skill level 5 in Summonings
  3611 | D:4      | Reached skill level 5 in Necromancy
  3611 | D:4      | Reached skill level 5 in Translocations
  3611 | D:4      | Reached skill level 5 in Fire Magic
  3611 | D:4      | Reached skill level 5 in Ice Magic
  3611 | D:4      | Reached skill level 5 in Air Magic
  3611 | D:4      | Reached skill level 5 in Earth Magic
  3611 | D:4      | Reached skill level 5 in Alchemy
  3611 | D:4      | Reached XP level 7. HP: 50/52 MP: 0/0
  3611 | D:4      | Learned a level 2 spell: Jinxbite
  3854 | D:4      | Found an ornate altar of the Wu Jian Council.
  4012 | D:4      | Found a hide-covered altar of Uskayaw.
  4053 | D:4      | Gained mutation: You cannot voluntarily change form. [Ru
                  | sacrifice]
  4053 | D:4      | Reached * piety under Ru
  4055 | D:4      | Found a runed translucent gate.
  4058 | D:4      | Found a runed translucent gate.
  4059 | D:4      | Found a runed translucent gate.
  4061 | D:4      | Noticed zenocrate's ghost (amateur MiFi)
  4125 | D:4      | Found a bloodstained altar of Trog.
  4391 | D:4      | Found a roughly hewn altar of Beogh.
  4416 | D:5      | Entered Level 5 of the Dungeon
  4520 | D:5      | Reached skill level 5 in Fighting
  4588 | D:5      | Reached XP level 8. HP: 53/59 MP: 0/0
  5294 | D:6      | Noticed Edmund
  5300 | D:6      | Killed Edmund
  5415 | D:6      | Found a staircase to the Ecumenical Temple.
  5445 | Temple   | Entered the Ecumenical Temple
  5667 | D:6      | Reached XP level 9. HP: 59/67 MP: 0/0
  5667 | D:6      | Learned a level 4 spell: Petrify
  5984 | D:6      | Found a hazy altar of Hepliaklqana.
  6074 | D:7      | Found a white marble altar of Elyvilon.
  6624 | D:7      | Found a flagged portal.
  6633 | Bailey   | Entered a bailey
  6653 | Bailey   | Reached XP level 10. HP: 69/76 MP: 0/0
  6685 | Bailey   | Gained mutation: You cannot study or use magical devices.
                  | [Ru sacrifice]
  6685 | Bailey   | Reached ** piety under Ru
  6685 | Bailey   | Reached *** piety under Ru
  6870 | Bailey   | Noticed an orc knight
  6870 | Bailey   | Noticed an orc knight
  6886 | Bailey   | Reached skill level 1 in Armour
  6960 | Bailey   | Killed an orc knight
  7131 | Bailey   | Killed an orc knight
  7933 | D:7      | Found a white marble altar of Elyvilon.
  8489 | D:8      | Identified the +0 leather armour of Kyfobufa {Int+7 SInv}
  9487 | D:8      | Found a staircase to the Lair.
  9824 | D:8      | Reached skill level 5 in Dodging
  9824 | D:8      | Reached skill level 1 in Shields
  9964 | D:9      | Reached XP level 11. HP: 56/84 MP: 0/0
  9964 | D:9      | Learned a level 4 spell: Ignite Poison
 10239 | D:9      | Noticed a two-headed ogre
 10548 | Lair:1   | Entered Level 1 of the Lair of Beasts
 10971 | Lair:1   | Noticed a seven-headed hydra
 10976 | Lair:1   | Killed a seven-headed hydra
 10977 | Lair:1   | Reached skill level 5 in Armour
 10977 | Lair:1   | Gained mutation: You are missing an eye, making it more
                  | difficult to aim. [Ru sacrifice]
 10977 | Lair:1   | Reached **** piety under Ru
 11163 | Lair:1   | Noticed an elephant
 11180 | Lair:1   | Killed an elephant
 11321 | Lair:1   | Noticed an elephant
 11327 | Lair:1   | Killed an elephant
 11327 | Lair:1   | Noticed an elephant
 11328 | Lair:1   | Reached skill level 10 in Fighting
 11329 | Lair:1   | Noticed an elephant
 11342 | Lair:1   | Killed an elephant
 11539 | Lair:1   | Found the +6 shillelagh "Devastator" {shatter}
 11816 | Lair:1   | Killed an elephant
 12631 | Lair:2   | Reached XP level 12. HP: 48/91 MP: 0/0
 13136 | Lair:2   | Reached skill level 10 in Spellcasting
 13136 | Lair:2   | Reached skill level 10 in Conjurations
 13136 | Lair:2   | Reached skill level 10 in Hexes
 13136 | Lair:2   | Reached skill level 10 in Summonings
 13136 | Lair:2   | Reached skill level 10 in Necromancy
 13136 | Lair:2   | Reached skill level 10 in Translocations
 13136 | Lair:2   | Reached skill level 10 in Fire Magic
 13136 | Lair:2   | Reached skill level 10 in Ice Magic
 13136 | Lair:2   | Reached skill level 10 in Air Magic
 13136 | Lair:2   | Reached skill level 10 in Earth Magic
 13136 | Lair:2   | Reached skill level 10 in Alchemy
 13554 | Lair:2   | Reached skill level 5 in Shields
 13706 | Lair:2   | Found a staircase to the Swamp.
 14981 | Lair:3   | Found a staircase to the Snake Pit.
 15643 | Lair:4   | Noticed a skyshark
 15650 | Lair:4   | Killed a skyshark
 15742 | Lair:4   | Noticed Josephine
 15995 | Lair:4   | Killed Josephine
 15996 | Lair:4   | Reached XP level 13. HP: 83/99 MP: 0/0
 15996 | Lair:4   | Learned a level 5 spell: Yara's Violent Unravelling
 16180 | Lair:4   | Found a viscous altar of Jiyva.
 16180 | Lair:4   | Found a staircase to the Slime Pits.
 16852 | Lair:5   | Entered Level 5 of the Lair of Beasts
 17029 | Lair:5   | Noticed a six-headed hydra
 17034 | Lair:5   | Killed a six-headed hydra
 17969 | Lair:5   | Noticed a dire elephant
 18105 | Lair:5   | Found a runed translucent door.
 18155 | Lair:4   | HP: 3/99 [death yak (12)]
 18681 | Lair:5   | Identified the +3 flail "Wiuwic" {freeze, *Corrode rPois
                  | Str+3 Int+2}
 18903 | Lair:5   | Noticed a dire elephant
 18941 | Lair:5   | Noticed GoblinFriend's ghost (journeyman NaIE)
 20693 | Lair:5   | Found a runed translucent door.
 22689 | Lair:5   | HP: 3/100 [dire elephant (6)]
 22693 | Lair:5   | Killed a dire elephant
 22694 | Lair:5   | Reached XP level 14. HP: 19/107 MP: 0/0
 23092 | Lair:5   | Reached skill level 10 in Dodging
 23386 | D:9      | Found a shadowy altar of Dithmenos.
 23914 | D:9      | Found a stormy altar of Qazlal.
 24250 | D:10     | Entered Level 10 of the Dungeon
 24849 | D:10     | Found a transporter.
 24857 | D:10     | Noticed AutarchDCSS's ghost (journeyman CoMo)
 24885 | D:10     | Found a transporter.
 25275 | D:10     | Found a staircase to the Orcish Mines.
 26617 | D:11     | Noticed Lodul
 26632 | D:11     | Killed Lodul
 27341 | D:12     | Identified the +7 chain mail "Enovoja" {rElec rPois Int-3}
 27765 | D:12     | Noticed Rupert
 28067 | D:12     | Found a glowing golden altar of the Shining One.
 28297 | Orc:1    | Entered Level 1 of the Orcish Mines
 28297 | Orc:1    | Found Lamiqepu's Armour Shop.
 28304 | Orc:1    | Bought the +0 robe of Luss {^Drain rC+ rN+ Regen+} for 186
                  | gold pieces
 28597 | Orc:1    | Found Vinah's Book Emporium.
 28647 | Orc:1    | Found a roughly hewn altar of Beogh.
 28742 | Orc:1    | Found Jucy's Magic Scroll Shoppe.
 28750 | Orc:1    | Bought a scroll of poison for 56 gold pieces
 28819 | Orc:2    | Entered Level 2 of the Orcish Mines
 28828 | Orc:2    | Noticed Jorgrun
 28877 | Orc:2    | Found Axteod's Book Shop.
 28944 | Orc:2    | Killed Jorgrun
 29068 | Orc:2    | Noticed an orc warlord
 29107 | Orc:2    | Noticed Azrael
 29199 | Orc:1    | Demolished by an orc warlord

Illustrated notes

Levels and vault maps discovered:
D:1:      hellmonk_arrival_library, layout_basic
D:2:      layout_rooms, shapermc_ecumenical_altar_venn, serial_bayou_ford_a,
          minmay_cut_off, uniq_crazy_yiuf_cottage
D:3:      wad_lake_hut, layout_basic, uniq_sigmund, uniq_jessica
D:4:      layout_loops_ring, mainiacjoe_overflow_brackets,
          nzn_wu_jian_council_hall, mainiacjoe_overflow_tiny_flanked,
          trog_three_pillars_becter, biasface_ghost_orc_armoury,
          hangedman_decor_points
D:5:      layout_cave_pools
D:6:      layout_rooms, nicolae_hepliaklqana_hazy_memory,
          minmay_temple_entry_hall, minmay_misc_feat_square, uniq_edmund
D:7:      layout_cave_pools, kennysheep_mini, enter_bailey_5, st_stairs_3
D:8:      layout_cave_pods, erik_lair_orcish_takeover
D:9:      layout_basic, kennysheep_mini_moat, nicolae_sif_muna_condensation,
          nicolae_dithmenos_shadow_blocks, st_stairs_7
D:10:     nicolae_cairo_tiling_very_big, layout_rooms, david_orc_3,
          gammafunk_ghost_berserking_beasts, hangedman_corner_corridor
D:11:     layout_gridville, uniq_lodul
D:12:     layout_stronghold, nicolae_tso_swordbearing_angel, uniq_rupert
Temple:   cyrus_circular_temple
Lair:1:   layout_gridlike, serial_rivers, chequers_serial_rivers_micro_e,
          chequers_serial_rivers_small_3, chequers_serial_rivers_room_b,
          chequers_serial_rivers_micro_b, serial_bayou_pond_d
Lair:2:   layout_big_grid, swamp_mist, st_stairs_5, infiniplex_staircase_pool
Lair:3:   layout_small_grid, nicolae_snake_entry_warm_welcome,
          nicolae_quartered_pool_super
Lair:4:   layout_hall_layers, minmay_slime_entry_eyes, uniq_josephine
Lair:5:   due_jungle_book, layout_cave_pods, ebering_ghost_reflecting_pool,
          minivault_25, infiniplex_staircase_pool_2, lemuel_fruit_tree
Orc:1:    layout_caves, serial_shops, shop, nicolae_shop_tiny_real_fake_doors,
          shop, mines1_david
Orc:2:    grunt_orc_gardens, layout_diamond_mine, grunt_orc_garden,
          grunt_orc_garden, grunt_orc_garden, grunt_orc_garden, uniq_azrael,
          uniq_jorgrun, uniq_urug

Skill      XL: |  1  2  3  4  5  6  7  8  9 10 11 12 13 14 |
---------------+-------------------------------------------+-----
Fighting       | 1 2 3 4 5 6 8 9 10 11 12 | 12.8
Stealth        | 0 |  0.0
Spellcasting   | 4 5 6 8 9 10 11 12 | 12.0
Conjurations   | 4 5 6 8 9 10 11 12 | 12.0
Hexes          | 4 5 6 8 9 10 11 12 | 12.0
Summonings     | 4 5 6 8 9 10 11 12 | 12.0
Necromancy     | 4 5 6 8 9 10 11 12 | 12.0
Translocations | 4 5 6 8 9 10 11 12 | 12.0
Fire Magic     | 4 5 6 8 9 10 11 12 | 12.0
Ice Magic      | 4 5 6 8 9 10 11 12 | 12.0
Air Magic      | 4 5 6 8 9 10 11 12 | 12.0
Earth Magic    | 4 5 6 8 9 10 11 12 | 12.0
Alchemy        | 4 5 6 8 9 10 11 12 | 12.0
Armour         | 4 5 7 8 |  8.0
Dodging        | 5 6 8 9 11 | 11.0
Shields        | 1 4 6 7 9 |  9.0

Action                     |  1- 3 |  4- 6 |  7- 9 | 10-12 | 13-15 || total
---------------------------+-------+-------+-------+-------+-------++-------
  Melee: Staff             |       |       |       |       |     1 ||     1
   Cast: Shock             |    64 |    66 |    39 |       |     2 ||   171
         Foxfire           |       |    22 |   120 |    64 |       ||   206
         Airstrike         |       |       |    59 |   316 |   469 ||   844
         Swiftness         |       |       |       |       |     2 ||     2
         Static Discharge  |       |       |       |       |     5 ||     5
 Invoke: Sacrifice Stealth |     1 |       |       |       |       ||     1
         Sacrifice Forms   |       |       |     1 |       |       ||     1
         Sacrifice Artific |       |       |       |     1 |       ||     1
         Sacrifice an Eye  |       |       |       |     1 |       ||     1
         Reject Sacrifices |       |       |       |     1 |     1 ||     2
         Draw Out Power    |       |       |       |       |     1 ||     1
    Use: Scroll            |       |       |       |    19 |    10 ||    29
         Potion            |       |       |       |       |     2 ||     2
 Armour: Robe              |     6 |    12 |    14 |    29 |    61 ||   122
         Troll leather arm |       |       |       |       |     2 ||     2
  Dodge: Dodged            |    10 |    17 |     9 |    34 |    82 ||   152
  Block: Buckler           |       |       |       |     7 |    28 ||    35

Table legend: (Time is in decaauts)
 A = Elapsed time spent in this place.
 B = Non-inter-level travel time spent in this place.
 C = Inter-level travel time spent in this place.
 D = Time resting spent in this place.
 E = Time spent auto-exploring this place.
 F = Levels seen in this place.
 G = Mean time per level.
                   A        B        C        D        E       F      G
               +--------+--------+--------+--------+--------+-----+--------+
         Total |  29241 |  26678 |   2563 |   6030 |  15939 |  21 | 1392.4 |
       Dungeon |  15324 |  13631 |   1693 |   2271 |   9282 |  12 | 1277.0 |
        Temple |      1 |      1 |      0 |      0 |      0 |   1 |    1.0 |
          Lair |  12523 |  11813 |    710 |   3492 |   6378 |   5 | 2504.6 |
  Orcish Mines |    762 |    602 |    160 |     80 |    279 |   2 |  381.0 |
        Bailey |    629 |    629 |      0 |    187 |      0 |   1 |  629.0 |
               +--------+--------+--------+--------+--------+-----+--------+

Top non-repeatable levels by time:
  Lair:5: 6013 daAuts
     D:8: 2127 daAuts
  Lair:1: 1972 daAuts
     D:3: 1863 daAuts
    D:10: 1754 daAuts
  Lair:3: 1676 daAuts
     D:9: 1472 daAuts
  Lair:4: 1449 daAuts
     D:7: 1425 daAuts
  Lair:2: 1410 daAuts
    D:11: 1185 daAuts
    D:12: 1064 daAuts
     D:6: 1033 daAuts
     D:1: 996 daAuts
     D:4: 883 daAuts
